3087 views
Uploaded 2020-02-24 19:55:59
Game version 1.32.2
23:52 long 3on3 ladder game on (6)StranglethornVale
Saved by BEARAND
3087 views
Uploaded 2020-02-24 19:55:59
Game version 1.32.2
23:52 long 3on3 ladder game on (6)StranglethornVale


57 units @ 4.2k
/ 0.1k
116 buildings @ 10.2k
/ 5.1k



| Orb of Venom | 1 | 325 |
| Staff of Teleportation | 2 | 300 |
| Boots of Speed | 3 | 750 |
| Circlet of Nobility | 3 | 525 |
| Periapt of Vitality | 1 | 325 |
| Staff of Sanctuary | 1 | 250 |
| Healing Salve | 1 | 100 |
| total: | 12 | 2575g |
| Wisp | 27 | 1620 | / | 0 |
| total: | 27 | 1620g | / | 0w |
| Altar of Elders | 1 | 180 | / | 50 |
| Moon Well | 5 | 900 | / | 200 |
| Tree of Life | 2 | 680 | / | 370 |
| Hunter's Hall | 1 | 210 | / | 100 |
| Ancient of Wonders | 3 | 270 | / | 90 |
| Tree of Ages | 1 | 320 | / | 180 |
| Tree of Eternity | 1 | 330 | / | 200 |
| total: | 12 | 2240g | / | 810w |
| 0:03 | Wisp |
| 0:03 | Wisp |
| 0:05 | Altar of Elders |
| 0:17 | Moon Well |
| 0:25 | Moon Well |
| 0:32 | Wisp |
| 0:37 | Wisp |
| 0:45 | Wisp |
| 0:57 | Wisp |
| 0:58 | Wisp |
| 1:16 | Wisp |
| 1:16 | Wisp |
| 1:33 | Wisp |
| 1:34 | Wisp |
| 1:48 | Wisp |
| 1:48 | Wisp |
| 2:06 | Entangling Roots |
| 2:09 | Wisp |
| 2:09 | Wisp |
| 3:40 | Tree of Ages |
| 4:10 | Staff of Teleportation |
| 4:10 | Boots of Speed |
| 4:16 | Circlet of Nobility |
| 4:37 | Moon Well |
| 6:06 | Tree of Eternity |
| 7:09 | Trueshot Aura |
| 8:05 | Tree of Life |
| 8:10 | Hunter's Hall |
| 8:17 | Thorns Aura |
| 8:31 | Frost Arrows |
| 9:11 | Ancient of Wonders |
| 9:13 | Nature's Blessing |
| 9:53 | Well Spring |
| 10:38 | Orb of Venom |
| 11:53 | Wisp |
| 11:53 | Wisp |
| 11:53 | Wisp |
| 12:03 | Ancient of Wonders |
| 12:05 | Ancient of Wonders |
| 12:29 | Tree of Life |
| 12:35 | Ultravision |
| 13:18 | Staff of Sanctuary |
| 13:20 | Healing Salve |
| 13:27 | Searing Arrows |
| 14:00 | Circlet of Nobility |
| 14:00 | Boots of Speed |
| 14:03 | Boots of Speed |
| 14:12 | Periapt of Vitality |
| 14:33 | Wisp |
| 14:33 | Wisp |
| 14:35 | Wisp |
| 14:50 | Wisp |
| 14:50 | Wisp |
| 15:44 | Moon Well |
| 15:45 | Moon Well |
| 15:46 | Wisp |
| 15:46 | Wisp |
| 15:46 | Wisp |
| 16:57 | Mana Shield |
| 17:53 | Entangling Roots |
| 18:08 | Wisp |
| 18:32 | Circlet of Nobility |
| 18:32 | Staff of Teleportation |
| 19:27 | Trueshot Aura |
| 20:44 | Frost Arrows |
| 21:48 | Thorns Aura |
| 23:45 | Searing Arrows |
| 23:47 | Mana Shield |
| Right click | 1160 |
| Use ability | 549 |
| Select group | 308 |
| Select | 178 |
| Resource trade | 129 |
| Chat | 116 |
| Build/train/purchase | 78 |
| Minimap ping | 37 |
| Misc. action | 31 |
| Assign group | 7 |
| Item give/drop | 2 |



| Lesser Clarity Potion | 1 | 70 |
| Staff of Sanctuary | 3 | 750 |
| Boots of Speed | 3 | 750 |
| Periapt of Vitality | 1 | 325 |
| Staff of Teleportation | 4 | 600 |
| Potion of Invisibility | 1 | 100 |
| Circlet of Nobility | 1 | 175 |
| Healing Salve | 1 | 100 |
| Orb of Venom | 2 | 650 |
| total: | 17 | 3520g |
| Peasant | 13 | 975 | / | 0 |
| Priest | 2 | 270 | / | 20 |
| Goblin Zeppelin | 1 | 240 | / | 60 |
| total: | 16 | 1485g | / | 80w |
| Scout Tower | 59 | 1770 | / | 1180 |
| Arcane Tower | 5 | 350 | / | 250 |
| Guard Tower | 25 | 1750 | / | 1250 |
| Altar of Kings | 1 | 180 | / | 50 |
| Farm | 4 | 320 | / | 80 |
| Lumber Mill | 1 | 120 | / | 0 |
| Arcane Vault | 4 | 520 | / | 120 |
| Town Hall | 1 | 385 | / | 205 |
| Arcane Sanctum | 1 | 150 | / | 140 |
| Keep | 1 | 320 | / | 210 |
| Castle | 1 | 360 | / | 210 |
| total: | 71 | 3445g | / | 1775w |
| 0:02 | Peasant |
| 0:02 | Peasant |
| 0:10 | Altar of Kings |
| 0:15 | Peasant |
| 0:18 | Farm |
| 0:21 | Peasant |
| 0:33 | Scout Tower |
| 0:33 | Peasant |
| 0:38 | Peasant |
| 0:49 | Lumber Mill |
| 0:54 | Farm |
| 1:07 | Scout Tower |
| 1:18 | Scout Tower |
| 1:24 | Peasant |
| 1:34 | Arcane Tower |
| 1:35 | Peasant |
| 1:46 | Peasant |
| 1:54 | Scout Tower |
| 1:55 | Scout Tower |
| 1:57 | Peasant |
| 1:57 | Peasant |
| 2:02 | Guard Tower |
| 2:03 | Scout Tower |
| 2:07 | Blizzard |
| 2:15 | Scout Tower |
| 2:21 | Arcane Tower |
| 2:22 | Scout Tower |
| 2:29 | Peasant |
| 2:29 | Peasant |
| 2:31 | Guard Tower |
| 3:16 | Guard Tower |
| 3:17 | Scout Tower |
| 3:17 | Scout Tower |
| 3:18 | Scout Tower |
| 3:40 | Scout Tower |
| 3:41 | Keep |
| 3:48 | Guard Tower |
| 3:49 | Scout Tower |
| 3:50 | Scout Tower |
| 3:56 | Guard Tower |
| 3:58 | Scout Tower |
| 3:58 | Scout Tower |
| 4:04 | Scout Tower |
| 4:11 | Guard Tower |
| 4:13 | Boots of Speed |
| 4:19 | Periapt of Vitality |
| 4:26 | Guard Tower |
| 4:34 | Farm |
| 4:43 | Guard Tower |
| 4:56 | Guard Tower |
| 5:04 | Scout Tower |
| 5:05 | Scout Tower |
| 5:06 | Guard Tower |
| 5:49 | Guard Tower |
| 5:51 | Farm |
| 5:53 | Guard Tower |
| 5:55 | Scout Tower |
| 5:55 | Scout Tower |
| 5:56 | Scout Tower |
| 5:56 | Scout Tower |
| 6:21 | Scout Tower |
| 6:22 | Scout Tower |
| 6:23 | Scout Tower |
| 6:24 | Scout Tower |
| 6:25 | Scout Tower |
| 6:26 | Scout Tower |
| 6:36 | Staff of Teleportation |
| 6:50 | Guard Tower |
| 7:13 | Storm Bolt |
| 7:34 | Brilliance Aura |
| 8:05 | Castle |
| 8:06 | Guard Tower |
| 8:08 | Arcane Vault |
| 8:11 | Arcane Vault |
| 8:21 | Arcane Tower |
| 8:22 | Guard Tower |
| 9:06 | Guard Tower |
| 9:09 | Arcane Sanctum |
| 9:11 | Improved Masonry |
| 9:20 | Healing Salve |
| 9:40 | Lesser Clarity Potion |
| 9:44 | Boots of Speed |
| 9:44 | Staff of Teleportation |
| 9:52 | Potion of Invisibility |
| 9:59 | Staff of Teleportation |
| 10:00 | Circlet of Nobility |
| 10:58 | Guard Tower |
| 11:26 | Scout Tower |
| 11:29 | Scout Tower |
| 11:39 | Arcane Vault |
| 11:40 | Advanced Masonry |
| 11:53 | Holy Light |
| 12:06 | Boots of Speed |
| 12:06 | Staff of Teleportation |
| 12:28 | Staff of Sanctuary |
| 12:56 | Guard Tower |
| 12:57 | Scout Tower |
| 12:57 | Scout Tower |
| 12:58 | Scout Tower |
| 12:58 | Scout Tower |
| 12:59 | Scout Tower |
| 13:03 | Bash |
| 13:10 | Bash |
| 13:12 | Magic Sentry |
| 13:13 | Priest |
| 13:34 | Scout Tower |
| 13:34 | Scout Tower |
| 13:36 | Guard Tower |
| 13:45 | Goblin Zeppelin |
| 13:48 | Bash |
| 14:08 | Orb of Venom |
| 14:30 | Staff of Sanctuary |
| 14:37 | Arcane Vault |
| 14:41 | Guard Tower |
| 15:20 | Guard Tower |
| 15:23 | Scout Tower |
| 15:24 | Scout Tower |
| 15:26 | Scout Tower |
| 15:42 | Town Hall |
| 15:43 | Scout Tower |
| 15:43 | Scout Tower |
| 15:44 | Scout Tower |
| 15:44 | Scout Tower |
| 15:45 | Scout Tower |
| 15:45 | Scout Tower |
| 15:45 | Scout Tower |
| 15:46 | Scout Tower |
| 16:10 | Guard Tower |
| 16:18 | Scout Tower |
| 16:19 | Scout Tower |
| 16:23 | Orb of Venom |
| 16:59 | Staff of Sanctuary |
| 17:08 | Priest |
| 17:13 | Guard Tower |
| 17:15 | Scout Tower |
| 17:16 | Scout Tower |
| 17:17 | Scout Tower |
| 17:17 | Scout Tower |
| 17:28 | Scout Tower |
| 17:31 | Scout Tower |
| 17:39 | Scout Tower |
| 17:39 | Scout Tower |
| 17:43 | Arcane Tower |
| 17:44 | Guard Tower |
| 18:29 | Blizzard |
| 18:37 | Divine Shield |
| 19:19 | Storm Bolt |
| 21:17 | Holy Light |
| 21:52 | Brilliance Aura |
| 23:30 | Bash |
| Right click | 2175 |
| Select | 702 |
| Select group | 287 |
| Chat | 118 |
| Build/train/purchase | 103 |
| Use ability | 90 |
| Minimap ping | 7 |
| Assign group | 6 |
| Misc. action | 4 |
| Item give/drop | 1 |


| Healing Salve | 5 | 500 |
| Lesser Clarity Potion | 5 | 350 |
| Scroll of Speed | 1 | 50 |
| Boots of Speed | 2 | 500 |
| Staff of Teleportation | 2 | 300 |
| Circlet of Nobility | 1 | 175 |
| Staff of Sanctuary | 2 | 500 |
| Orb of Venom | 2 | 650 |
| total: | 20 | 3025g |
| Peon | 14 | 1050 | / | 0 |
| total: | 14 | 1050g | / | 0w |
| Watch Tower | 24 | 2640 | / | 1920 |
| Altar of Storms | 1 | 180 | / | 50 |
| Orc Burrow | 2 | 320 | / | 80 |
| War Mill | 1 | 205 | / | 0 |
| Voodoo Lounge | 3 | 390 | / | 90 |
| Great Hall | 2 | 770 | / | 370 |
| Stronghold | 1 | 315 | / | 190 |
| Fortress | 2 | 650 | / | 380 |
| total: | 33 | 4505g | / | 2510w |
| 0:01 | Peon |
| 0:04 | Altar of Storms |
| 0:12 | Peon |
| 0:18 | Orc Burrow |
| 0:19 | Peon |
| 0:41 | War Mill |
| 0:45 | Peon |
| 1:00 | Peon |
| 1:17 | Voodoo Lounge |
| 1:18 | Peon |
| 1:26 | Peon |
| 1:40 | Peon |
| 1:50 | Peon |
| 1:52 | Watch Tower |
| 2:07 | Peon |
| 2:12 | Wind Walk |
| 2:17 | Watch Tower |
| 2:27 | Peon |
| 2:54 | Stronghold |
| 3:10 | Watch Tower |
| 3:31 | Watch Tower |
| 3:52 | Watch Tower |
| 3:53 | Watch Tower |
| 3:57 | Boots of Speed |
| 3:58 | Staff of Teleportation |
| 4:05 | Orc Burrow |
| 4:08 | Healing Salve |
| 4:08 | Healing Salve |
| 4:08 | Lesser Clarity Potion |
| 4:14 | Lesser Clarity Potion |
| 4:47 | Watch Tower |
| 5:39 | Watch Tower |
| 5:46 | Critical Strike |
| 5:52 | Watch Tower |
| 6:10 | Peon |
| 6:47 | Hex |
| 7:07 | Boots of Speed |
| 7:07 | Staff of Teleportation |
| 7:08 | Circlet of Nobility |
| 7:20 | Great Hall |
| 7:52 | Voodoo Lounge |
| 8:20 | Watch Tower |
| 8:28 | Fortress |
| 9:23 | Watch Tower |
| 9:33 | Lesser Clarity Potion |
| 9:33 | Healing Salve |
| 9:37 | Scroll of Speed |
| 9:48 | Reinforced Defenses |
| 10:10 | Voodoo Lounge |
| 10:34 | Watch Tower |
| 10:47 | Wind Walk |
| 11:26 | Healing Wave |
| 12:24 | Healing Salve |
| 12:24 | Lesser Clarity Potion |
| 12:30 | Watch Tower |
| 12:31 | Watch Tower |
| 12:37 | Watch Tower |
| 12:37 | Watch Tower |
| 13:15 | Watch Tower |
| 13:26 | Lesser Clarity Potion |
| 13:26 | Healing Salve |
| 13:29 | Staff of Sanctuary |
| 13:42 | Orb of Venom |
| 13:50 | Watch Tower |
| 14:06 | Great Hall |
| 14:19 | Watch Tower |
| 14:21 | Watch Tower |
| 14:21 | Watch Tower |
| 14:22 | Watch Tower |
| 14:23 | Watch Tower |
| 15:13 | Watch Tower |
| 15:31 | Staff of Sanctuary |
| 15:52 | Orb of Venom |
| 17:30 | Critical Strike |
| 17:32 | Healing Wave |
| 17:45 | Peon |
| 17:45 | Peon |
| 21:30 | Hex |
| 21:51 | Wind Walk |
| Right click | 1663 |
| Select group | 644 |
| Assign group | 560 |
| Select | 200 |
| Chat | 167 |
| Build/train/purchase | 91 |
| Use ability | 58 |
| Misc. action | 12 |
| Item give/drop | 2 |
| Remove unit | 1 |
174 units @ 27k
/ 3.6k
68 buildings @ 9.5k
/ 4.5k

| Peon | 21 | 1575 | / | 0 |
| Grunt | 30 | 6000 | / | 0 |
| Demolisher | 2 | 440 | / | 100 |
| total: | 53 | 8015g | / | 100w |
| Watch Tower | 12 | 1320 | / | 960 |
| Altar of Storms | 1 | 180 | / | 50 |
| Orc Burrow | 8 | 1280 | / | 320 |
| Barracks | 1 | 180 | / | 50 |
| War Mill | 1 | 205 | / | 0 |
| Beastiary | 1 | 145 | / | 140 |
| Stronghold | 1 | 315 | / | 190 |
| total: | 24 | 3310g | / | 1520w |
| 0:05 | Peon |
| 0:05 | Peon |
| 0:05 | Peon |
| 0:05 | Peon |
| 0:05 | Peon |
| 0:06 | Peon |
| 0:30 | Altar of Storms |
| 0:46 | Orc Burrow |
| 0:57 | Barracks |
| 2:04 | Orc Burrow |
| 2:30 | Grunt |
| 2:30 | Grunt |
| 2:30 | Grunt |
| 2:30 | Grunt |
| 2:30 | Grunt |
| 3:58 | Orc Burrow |
| 4:13 | Grunt |
| 4:13 | Grunt |
| 4:49 | Orc Burrow |
| 5:03 | Orc Burrow |
| 5:14 | Endurance Aura |
| 5:49 | Peon |
| 5:49 | Peon |
| 5:50 | Peon |
| 5:50 | Peon |
| 6:30 | Peon |
| 6:31 | Peon |
| 7:32 | War Mill |
| 7:55 | Grunt |
| 7:55 | Grunt |
| 8:18 | Peon |
| 8:18 | Peon |
| 8:18 | Peon |
| 8:18 | Peon |
| 8:42 | Orc Burrow |
| 9:21 | Peon |
| 9:22 | Peon |
| 9:43 | Orc Burrow |
| 10:01 | Watch Tower |
| 10:39 | Watch Tower |
| 10:46 | Orc Burrow |
| 11:41 | Steel Melee Weapons |
| 11:45 | Spiked Barricades |
| 11:48 | Grunt |
| 11:48 | Grunt |
| 11:48 | Grunt |
| 11:49 | Grunt |
| 12:14 | Watch Tower |
| 12:52 | Watch Tower |
| 13:03 | Peon |
| 13:03 | Peon |
| 13:31 | Grunt |
| 13:32 | Grunt |
| 13:32 | Grunt |
| 13:46 | Watch Tower |
| 14:08 | Watch Tower |
| 15:03 | Stronghold |
| 15:07 | Grunt |
| 15:07 | Grunt |
| 15:58 | Grunt |
| 15:58 | Grunt |
| 15:58 | Grunt |
| 17:03 | Grunt |
| 17:03 | Grunt |
| 17:26 | Reinforced Defenses |
| 17:30 | Demolisher |
| 17:30 | Demolisher |
| 17:52 | Watch Tower |
| 18:13 | Peon |
| 18:34 | Watch Tower |
| 19:49 | Watch Tower |
| 20:09 | Watch Tower |
| 20:17 | Grunt |
| 20:38 | Grunt |
| 20:38 | Grunt |
| 20:51 | Improved Spiked Barricades |
| 20:52 | Thorium Melee Weapons |
| 21:44 | Watch Tower |
| 21:55 | Beastiary |
| 21:58 | Grunt |
| 21:58 | Grunt |
| 22:20 | Steel Armor |
| 22:35 | Grunt |
| 22:35 | Grunt |
| 23:04 | Watch Tower |
| Right click | 853 |
| Select | 166 |
| Build/train/purchase | 73 |
| Use ability | 3 |
| Misc. action | 1 |

| Peon | 27 | 2025 | / | 0 |
| Troll Headhunter | 22 | 3080 | / | 440 |
| Demolisher | 4 | 880 | / | 200 |
| Shaman | 11 | 1430 | / | 220 |
| Tauren | 13 | 3640 | / | 1040 |
| total: | 77 | 11055g | / | 1900w |
| Watch Tower | 7 | 770 | / | 560 |
| Altar of Storms | 1 | 180 | / | 50 |
| Orc Burrow | 5 | 800 | / | 200 |
| Barracks | 1 | 180 | / | 50 |
| War Mill | 1 | 205 | / | 0 |
| Great Hall | 2 | 770 | / | 370 |
| Voodoo Lounge | 1 | 130 | / | 30 |
| Spirit Lodge | 1 | 150 | / | 150 |
| Tauren Totem | 2 | 270 | / | 310 |
| Stronghold | 1 | 315 | / | 190 |
| Fortress | 1 | 325 | / | 190 |
| total: | 21 | 3455g | / | 1720w |
| 0:04 | Peon |
| 0:04 | Peon |
| 0:06 | Peon |
| 0:22 | Altar of Storms |
| 0:24 | Peon |
| 0:29 | Orc Burrow |
| 0:52 | Barracks |
| 1:01 | War Mill |
| 1:10 | Peon |
| 1:32 | Peon |
| 1:51 | Peon |
| 2:14 | Troll Headhunter |
| 2:14 | Troll Headhunter |
| 2:17 | Troll Headhunter |
| 2:30 | Endurance Aura |
| 2:48 | Troll Headhunter |
| 2:48 | Troll Headhunter |
| 2:56 | Orc Burrow |
| 3:17 | Orc Burrow |
| 3:52 | Orc Burrow |
| 4:01 | Troll Headhunter |
| 4:04 | Steel Ranged Weapons |
| 4:23 | Troll Headhunter |
| 4:55 | Watch Tower |
| 5:36 | Peon |
| 5:36 | Peon |
| 5:36 | Peon |
| 5:44 | Watch Tower |
| 5:50 | Watch Tower |
| 6:01 | Troll Headhunter |
| 6:02 | Troll Headhunter |
| 6:02 | Troll Headhunter |
| 7:24 | War Stomp |
| 8:05 | Watch Tower |
| 8:16 | Great Hall |
| 8:19 | Troll Headhunter |
| 8:19 | Troll Headhunter |
| 8:20 | Troll Headhunter |
| 9:01 | Troll Headhunter |
| 9:01 | Troll Headhunter |
| 9:02 | Troll Headhunter |
| 9:09 | Watch Tower |
| 9:29 | Stronghold |
| 9:56 | Great Hall |
| 10:11 | Troll Headhunter |
| 10:35 | Watch Tower |
| 11:51 | Watch Tower |
| 11:56 | Peon |
| 11:56 | Peon |
| 11:57 | Peon |
| 12:44 | Endurance Aura |
| 13:02 | Peon |
| 13:02 | Peon |
| 13:02 | Peon |
| 13:02 | Peon |
| 13:12 | Troll Headhunter |
| 13:12 | Troll Headhunter |
| 13:12 | Troll Headhunter |
| 13:12 | Troll Headhunter |
| 13:14 | Troll Headhunter |
| 13:21 | Demolisher |
| 13:26 | Demolisher |
| 13:31 | Fortress |
| 14:21 | Reinforced Defenses |
| 14:21 | Spiked Barricades |
| 14:24 | Peon |
| 14:31 | Spirit Lodge |
| 14:40 | Demolisher |
| 14:42 | Demolisher |
| 14:47 | Orc Burrow |
| 15:20 | Tauren Totem |
| 15:36 | Voodoo Lounge |
| 15:52 | Tauren Totem |
| 15:59 | Peon |
| 15:59 | Peon |
| 16:02 | Shaman Adept Training |
| 16:04 | Shaman |
| 16:05 | Shaman |
| 16:05 | Shaman |
| 16:51 | Pulverize |
| 16:55 | Peon |
| 16:56 | Peon |
| 16:56 | Peon |
| 16:56 | Peon |
| 16:58 | Peon |
| 16:58 | Peon |
| 16:58 | Peon |
| 17:13 | Tauren |
| 17:14 | Tauren |
| 17:26 | Tauren |
| 17:57 | Shaman Master Training |
| 19:55 | Shaman |
| 19:55 | Shaman |
| 19:55 | Shaman |
| 19:55 | Shaman |
| 19:56 | Shaman |
| 20:01 | Tauren |
| 20:02 | Tauren |
| 20:02 | Tauren |
| 20:02 | Tauren |
| 20:02 | Tauren |
| 20:02 | Tauren |
| 22:52 | Shaman |
| 22:52 | Shaman |
| 22:53 | Shaman |
| 22:56 | Tauren |
| 22:56 | Tauren |
| 22:57 | Tauren |
| 22:57 | Tauren |
| Right click | 794 |
| Select | 277 |
| Build/train/purchase | 100 |
| Minimap ping | 9 |
| Remove unit | 7 |
| Resource trade | 7 |
| Use ability | 4 |
| Item give/drop | 1 |


| Scroll of Town Portal | 2 | 700 |
| total: | 2 | 700g |
| Peasant | 13 | 975 | / | 0 |
| Rifleman | 14 | 2870 | / | 420 |
| Mortar Team | 7 | 1260 | / | 490 |
| Gryphon Rider | 10 | 2800 | / | 700 |
| total: | 44 | 7905g | / | 1610w |
| Altar of Kings | 1 | 180 | / | 50 |
| Farm | 13 | 1040 | / | 260 |
| Blacksmith | 1 | 140 | / | 60 |
| Barracks | 2 | 320 | / | 120 |
| Lumber Mill | 1 | 120 | / | 0 |
| Town Hall | 1 | 385 | / | 205 |
| Workshop | 2 | 280 | / | 280 |
| Gryphon Aviary | 2 | 280 | / | 300 |
| Keep | 3 | 960 | / | 630 |
| Castle | 1 | 360 | / | 210 |
| total: | 23 | 2745g | / | 1275w |
| 0:02 | Peasant |
| 0:02 | Peasant |
| 0:08 | Peasant |
| 0:18 | Peasant |
| 0:35 | Peasant |
| 0:57 | Altar of Kings |
| 1:05 | Farm |
| 1:07 | Blacksmith |
| 1:08 | Barracks |
| 1:13 | Barracks |
| 1:18 | Farm |
| 1:19 | Peasant |
| 1:32 | Peasant |
| 2:12 | Farm |
| 2:12 | Farm |
| 2:18 | Rifleman |
| 2:34 | Rifleman |
| 2:57 | Summon Water Elemental |
| 3:57 | Rifleman |
| 3:57 | Rifleman |
| 3:58 | Rifleman |
| 4:01 | Keep |
| 4:04 | Lumber Mill |
| 4:44 | Rifleman |
| 4:46 | Farm |
| 5:14 | Rifleman |
| 5:19 | Farm |
| 5:20 | Farm |
| 6:01 | Rifleman |
| 6:01 | Rifleman |
| 6:06 | Brilliance Aura |
| 6:26 | Workshop |
| 6:28 | Workshop |
| 6:32 | Long Rifles |
| 7:42 | Storm Bolt |
| 8:01 | Summon Water Elemental |
| 8:02 | Rifleman |
| 8:03 | Mortar Team |
| 8:05 | Farm |
| 8:23 | Rifleman |
| 9:05 | Bash |
| 9:07 | Rifleman |
| 9:07 | Rifleman |
| 9:07 | Rifleman |
| 9:19 | Mortar Team |
| 10:29 | Black Gunpowder |
| 10:48 | Mortar Team |
| 10:48 | Mortar Team |
| 10:48 | Mortar Team |
| 10:48 | Mortar Team |
| 10:48 | Mortar Team |
| 11:43 | Castle |
| 13:25 | Gryphon Aviary |
| 13:26 | Gryphon Aviary |
| 14:09 | Peasant |
| 14:09 | Peasant |
| 14:10 | Peasant |
| 14:10 | Peasant |
| 14:17 | Town Hall |
| 14:44 | Scroll of Town Portal |
| 14:56 | Storm Hammers |
| 14:59 | Farm |
| 15:00 | Farm |
| 15:02 | Farm |
| 15:04 | Farm |
| 15:05 | Farm |
| 15:46 | Improved Lumber Harvesting |
| 16:09 | Gryphon Rider |
| 16:58 | Gryphon Rider |
| 16:58 | Gryphon Rider |
| 17:17 | Gryphon Rider |
| 17:25 | Peasant |
| 17:25 | Peasant |
| 17:38 | Scroll of Town Portal |
| 18:43 | Gryphon Rider |
| 19:19 | Gryphon Rider |
| 19:20 | Gryphon Rider |
| 20:06 | Gryphon Rider |
| 20:08 | Iron Forged Swords |
| 20:58 | Gryphon Rider |
| 20:59 | Gryphon Rider |
| Select group | 713 |
| Right click | 625 |
| Select | 265 |
| Misc. action | 207 |
| Chat | 144 |
| Build/train/purchase | 86 |
| Minimap ping | 69 |
| Assign group | 52 |
| Use ability | 27 |
| Item give/drop | 2 |
| Esc | 1 |
⇛